 Dungeon Crawl Stone Soup version 0.30-a0-719-gcc4359ea44 (webtiles) character file.

Game seed: 3978990711950052497

492 kae the Changer (level 6, -4/51 HPs)
             Began as a Demonspawn Transmuter on Jan 26, 2023.
             Was an Initiate of Cheibriados.
             Slain by a troll zombie (12 damage)
             ... in an ossuary.
             The game lasted 00:04:38 (3527 turns).

kae the Changer (Demonspawn Transmuter)             Turns: 3527, Time: 00:04:39

Health: -4/51      AC:  6    Str: 11    XL:     6   Next: 91%
Magic:  10/11      EV: 10    Int: 18    God:    Cheibriados [......]
Gold:   151        SH:  0    Dex: 14    Spells: 1/11 levels left

rFire   x . .      SeeInvis .      - Unarmed
rCold   + + +      Faith    .    (shield currently unavailable)
rNeg    . . .      Spirit   .    (body armour currently unavailable)
rPois   +          Reflect  .    (helmet currently unavailable)
rElec   .          Harm     .    (cloak currently unavailable)
rCorr   +          Rampage  .    (gloves currently unavailable)
Will    .....                    (boots currently unavailable)
Stlth   +                        (no amulet)
HPRegen 0.28/turn                Z - ring of wizardry
MPRegen 0.12/turn                R - ring of resist corrosion

@: ice-form (expiring), very slow
A: freezing attack, amphibious, boosted hp, large, (spiny 2), (sturdy frame 1)
a: End Transformation, Renounce Religion


You were in an ossuary.
You worshipped Cheibriados.
Cheibriados was noncommittal.
You were a creature of crystalline ice.
You visited 2 branches of the dungeon, and saw 5 of its levels.
You also visited: Ossuary.

You collected 151 gold pieces.


Innate Abilities, Weirdness & Mutations

You are a creature of crystalline ice.
You have a powerful freezing melee attack.
You are amphibious.
Your maximum health is increased.
Your armour is entirely melded.
You are incapable of wielding weapons or throwing items.
((You are mostly covered in sharp spines.))
((Your movements are slightly less encumbered by armour. (ER -2)))


   Skills:
 - Level 1.0 Fighting
 - Level 1.7 Dodging
 + Level 4.0 Unarmed Combat
 + Level 3.4 Spellcasting
 * Level 4.4 Transmutations
 * Level 2.1 Ice Magic
 - Level 2.0 Poison Magic


You had one spell level left.
You knew the following spells:

 Your Spells              Type           Power      Damage    Failure   Level
a - Beastly Appendage     Tmut           36%        N/A       1%          1
b - Wereblood             Tmut           18%        N/A       1%          2
c - Spider Form           Tmut/Pois      14%        N/A       5%          3
d - Ice Form              Ice/Tmut       14%        N/A       16%         4

Your spell library contained the following spells:

 Spells                   Type           Power      Damage    Failure   Level
 Static Discharge         Conj/Air       6%         2-3/arc   10%         2
 Vhi's Electric Charge    Tloc/Air       6%         N/A       19%         3
 Arcjolt                  Conj/Air       1%         1d11      83%         5
 Lightning Bolt           Conj/Air       1%         1d12      83%         5

Inventory:

Missiles
 c - 33 stones
 j - 2 throwing nets {=f!f}
Armour
 a - a +1 robe (melded)
Jewellery
 C - a ring of protection from cold
   (You found it on level 4 of the Dungeon)
 F - a ring of fire
   (You found it on level 3 of the Dungeon)
 R - a ring of resist corrosion (right front paw)
   (You found it on level 2 of the Dungeon)
 W - a ring of magical power
   (You found it on level 1 of the Dungeon)
 Z - a ring of wizardry (left front paw)
   (You found it on level 3 of the Dungeon)
Scrolls
 d - 2 scrolls of fear
 f - 2 scrolls of torment {!r}
 k - a scroll of amnesia {unknown}
 l - a scroll of identify {@r1}
 n - a scroll of teleportation {unknown}
Potions
 b - 2 potions of lignification {!q}
 e - 3 potions of heal wounds {unknown}
 g - 4 potions of curing {@q1}
 h - 2 potions of ambrosia
 i - a potion of brilliance {unknown}
 m - a potion of degeneration {!q}

Dungeon Overview and Level Annotations

Branches:
Dungeon (4/15) Zot: 31450  Temple (1/1) D:4 Zot: 8755 Ossuary (1/1) Zot: 8696

Altars:
Ashenzari
Cheibriados
Dithmenos
Kikubaaqudgha
Makhleb
Ru
Sif Muna
Trog
Uskayaw
Xom
Yredelemnul

Shops:
D:1 (

Annotations:
D:3 1 runed translucent door

..#....#
#....#.#..#
########
######.#..#
#....###..#
#....'.'..#
#....#.#..#
#....#.#..#
########..#
#....#.'..#
#..ZY'.#..#
#....#.#..#
#....###..#
###### +..#
#..# #..#
..#


You could see a troll zombie.


Message History

Your Ice Magic skill increases to level 2!
No target in view!
There is an open door here.
There is an open door here.
A mummy comes into view. 😎 MP[+1]
Your mp is fully restored (11).
Your transformation is almost over.
You punch the mummy! You freeze the mummy.
The mummy hits you but does no damage.
A mummy is nearby!
A mummy is nearby!
You hit the mummy. You punch the mummy!
You destroy the mummy!
Your Unarmed Combat skill increases to level 4!
You open the door.
You warm up again.
Your +1 robe unmelds from your body.
There is an open door here.
As you open the door, it creaks loudly! 😎 HP[-8]
You now have 43 max hp (-8).
No target in view!
No target in view!
There is an open door here.
You open the door.
There is an open door here.
There is an open door here.
You open the door.
An adder zombie comes into view.
You hit the adder zombie.
The adder zombie is struck by your spines.
The adder zombie bites you.
You hit the adder zombie.
The adder zombie closely misses you. 😕 HP[-2]
You take 2 damage, and now have 41/43 hp.
An adder zombie is nearby!
An adder zombie is nearby!
Casting: Ice Form (quite dangerous; 16% risk of failure)
Confirm with . or Enter, or press ? or * to list all spells.
The spell is quite dangerous to miscast (16% risk of failure)!
Continue anyway? [Y]es or [N]o only, please.
The spell is quite dangerous to miscast (16% risk of failure)!
Continue anyway?
You turn into a creature of crystalline ice.
Your +1 robe melds into your body.
The adder zombie closely misses you. 😕 HP[+8] MP[-4]
You now have 51 max hp (+8).
You regained 8 hp, and now have 49/51 hp.
You lost 4 mp, and now have 7/11 mp.
You hit the adder zombie but do no damage.
The adder zombie bites you.
You punch the adder zombie!
You destroy the adder zombie!
Cheibriados thoroughly appreciates the change of pace. 😕 HP[-1]
You take 1 damage, and now have 48/51 hp.
There is an open door here.
You open the door.
A troll zombie comes into view. 😎 HP[+3] MP[+2]
Your hp is fully restored (51).
You regained 2 mp, and now have 9/11 mp.
A troll zombie is nearby!
There is an open door here.
The troll zombie closely misses you. The troll zombie completely misses you.
The troll zombie claws you but does no damage.
You punch the troll zombie! The troll zombie bites you.
The troll zombie claws you! The troll zombie claws you.
You punch the troll zombie! 😮 HP[-13] MP[+1]
You take 13 damage, and now have 38/51 hp.
MASSIVE DAMAGE!! (PAUSE)
You hit the troll zombie. The troll zombie bites you.
The troll zombie claws you but does no damage.
The troll zombie barely misses you. 😮 HP[-5]
You take 5 damage, and now have 33/51 hp.
Unknown command.
You hit the troll zombie but do no damage.
The troll zombie barely misses you. The troll zombie claws you!
* * * LOW HITPOINT WARNING * * *
The troll zombie closely misses you. 😨 HP[-8]
You take 8 damage, and now have 25/51 hp.
You punch the troll zombie! The troll zombie bites you!
* * * LOW HITPOINT WARNING * * *
The troll zombie claws you.
* * * LOW HITPOINT WARNING * * *
The troll zombie claws you.
* * * LOW HITPOINT WARNING * * *
😱 HP[-18]
You take 18 damage, and now have 7/51 hp.
MASSIVE DAMAGE!! (PAUSE)
You hit the troll zombie. 😱 HP[+1]
You hit the troll zombie.
Your transformation is almost over.
The troll zombie bites you!
You die...

Skill      XL: |  1  2  3  4  5  6 |
---------------+-------------------+-----
Transmutations | 2 3 4 |  4.4
Unarmed Combat | 3 4 |  4.0
Poison Magic   | 1 2 |  2.0
Spellcasting   | 3 |  3.4
Ice Magic      | 2 |  2.1
Fighting       | |  1.0
Dodging        | |  1.7

Action                     |  1- 3 |  4- 6 || total
---------------------------+-------+-------++-------
  Melee: Unarmed           |    66 |   206 ||   272
         Kick              |    13 |     2 ||    15
         Headbutt          |    10 |     1 ||    11
         Punch             |       |     1 ||     1
   Cast: Beastly Appendage |    17 |     9 ||    26
         Spider Form       |     1 |    15 ||    16
         Wereblood         |       |     2 ||     2
         Ice Form          |       |     7 ||     7
    Use: Potion            |     1 |       ||     1
         Scroll            |       |     6 ||     6
   Stab: Sleeping          |     2 |     4 ||     6
 Armour: Robe              |    11 |     7 ||    18
         Skin              |       |    17 ||    17
  Dodge: Dodged            |    29 |   126 ||   155

Levels and vault maps discovered:
D:1:      ldierk_walled_garden_2, layout_basic, serial_shops,
          nicolae_shop_bloodbath_and_beyond
D:2:      layout_loops_ring
D:3:      layout_loops_ring, nicolae_ashenzari_panopticon,
          dk_yredelemnul_ordeal, lightli_temple_of_fire, led_xom_imps,
          wander_ebering_terrifying_dragon_lair
D:4:      layout_rooms, mainiacjoe_overflow_catwalk, temple_fountains,
          nicolae_ossuary_entry_catacombs
Temple:   grunt_temple_mini_profane
Ossuary:  ossuary_boxes_badplayer

Notes
Turn   | Place    | Note
-------+----------+-------------------------------------------
     0 | D:1      | kae the Demonspawn Transmuter began the quest for the Orb.
     0 | D:1      | Reached XP level 1. HP: 15/15 MP: 3/3
     0 | D:1      | magus.rc [v1.11.3]
    35 | D:1      | Reached skill level 2 in Transmutations
   135 | D:1      | Gained mutation: Your movements are slightly less
                  | encumbered by armour. (ER -2) [demonic ancestry]
   135 | D:1      | Reached XP level 2. HP: 21/21 MP: 3/5
   471 | D:1      | Found Buliunih's Weapon Emporium.
   749 | D:2      | Reached skill level 3 in Unarmed Combat
   824 | D:2      | Gained mutation: You are partially covered in sharp spines.
                  | [demonic ancestry]
   824 | D:2      | Reached XP level 3. HP: 24/26 MP: 4/6
   836 | D:2      | HP: 6/26 [poisoned by an adder]
   909 | D:1      | Learned a level 2 spell: Wereblood
   913 | D:1      | Learned a level 3 spell: Spider Form
   919 | D:2      | Reached skill level 3 in Transmutations
  1060 | D:2      | Reached XP level 4. HP: 32/32 MP: 5/7
  1700 | D:3      | Found a shimmering altar of Xom.
  1738 | D:3      | Reached skill level 1 in Poison Magic
  1738 | D:3      | Gained mutation: You are mostly covered in sharp spines.
                  | [demonic ancestry]
  1738 | D:3      | Reached XP level 5. HP: 23/37 MP: 3/9
  1741 | D:3      | Reached skill level 3 in Spellcasting
  1871 | D:3      | Found a bloodstained altar of Trog.
  1914 | D:3      | Learned a level 4 spell: Ice Form
  2003 | D:3      | You pick up a book of Lightning and begin reading...
  2003 | D:3      | You add the spells Static Discharge, Vhi's Electric Charge,
                  | Lightning Bolt and Arcjolt to your library.
  2133 | D:3      | Found a runed translucent door.
  2133 | D:3      | Noticed a human
  2137 | D:3      | Found a basalt altar of Yredelemnul.
  2309 | D:3      | Reached XP level 6. HP: 37/43 MP: 6/10
  2312 | D:3      | Reached skill level 1 in Ice Magic
  2323 | D:3      | Reached skill level 4 in Transmutations
  2539 | D:3      | Found a broken altar of Ashenzari.
  2927 | D:4      | Found a staircase to the Ecumenical Temple.
  2935 | Temple   | Entered the Ecumenical Temple
  3076 | Temple   | Became a worshipper of Cheibriados the Contemplative
  3228 | D:4      | Reached skill level 2 in Poison Magic
  3230 | D:4      | Found a sand-covered staircase.
  3244 | Ossuary  | Entered an ossuary
  3464 | Ossuary  | Reached skill level 2 in Ice Magic
  3477 | Ossuary  | Reached skill level 4 in Unarmed Combat
  3525 | Ossuary  | HP: 7/51 [troll zombie (6)]
  3527 | Ossuary  | Slain by a troll zombie

Vanquished Creatures
  4 crimson imps (D:3)
  3 human skeletons (D:4)
  An orc wizard (D:4)
  An ogre zombie (Ossuary)
  A mummy (Ossuary)
  6 adders
  7 gnolls
  5 adder zombies (Ossuary)
  A dart slug (D:3)
  7 orcs
  3 bats
  6 endoplasms
  5 giant cockroaches
  4 goblins
  5 hobgoblins
  12 ball pythons
  5 frilled lizards
  A goblin zombie (Ossuary)
  3 hobgoblin zombies (Ossuary)
  4 kobolds
  A kobold zombie (D:3)
  A quokka zombie (Ossuary)
  3 rats
  A rat zombie (Ossuary)
90 creatures vanquished.

Vanquished Creatures (others)
  4 toadstools (D:1)
4 creatures vanquished.

Grand Total: 94 creatures vanquished

Table legend:
 A = Non-vault XP
 B = Vault XP
 C = Vault XP percentage of total XP
 D = Non-vault monster count
 E = Vault monster count
 F = Vault count percentage of total count
                 A         B        C        D         E       F
            +---------+---------+-------+---------+---------+-------
      Total |     312 |     392 |  55.7 |      68 |      22 |  24.4
            +---------+---------+-------+---------+---------+-------
        D:1 |      33 |       0 |   0.0 |      20 |       0 |   0.0
        D:2 |      86 |       0 |   0.0 |      15 |       0 |   0.0
        D:3 |     132 |     198 |  60.0 |      25 |       6 |  19.4
        D:4 |      61 |     117 |  65.7 |       8 |       3 |  27.3
    Ossuary |       0 |      77 | 100.0 |       0 |      13 | 100.0
            +---------+---------+-------+---------+---------+-------

Illustrated notes

Table legend:
 A = Kills in this place as a percentage of kills in entire the game.
 B = Kills by you in this place as a percentage of kills by you in the entire game.
 C = Kills by friends in this place as a percentage of kills by friends in the entire game.
 D = Other kills in this place as a percentage of other kills in the entire game.
 E = Experience gained in this place as a percentage of experience gained in the entire game.
 F = Experience gained in this place divided by the number of levels of this place that you have seen.
                   A       B       C       D       E      F
               +-------+-------+-------+-------+-------+----------------------
         Total | 100.0 | 100.0 |   N/A |   N/A | 100.0 | 117.3
       Dungeon |  85.6 |  85.6 |   N/A |   N/A |  89.1 | 156.8
       Ossuary |  14.4 |  14.4 |   N/A |   N/A |  10.9 |  77.0
               +-------+-------+-------+-------+-------+----------------------

Table legend: (Time is in decaauts)
 A = Elapsed time spent in this place.
 B = Non-inter-level travel time spent in this place.
 C = Inter-level travel time spent in this place.
 D = Time resting spent in this place.
 E = Time spent auto-exploring this place.
 F = Levels seen in this place.
 G = Mean time per level.
                   A        B        C        D        E       F      G
               +--------+--------+--------+--------+--------+-----+--------+
         Total |   3562 |   3452 |    110 |     23 |   2443 |   6 |  593.7 |
       Dungeon |   3087 |   3017 |     70 |      8 |   2230 |   4 |  771.8 |
        Temple |    174 |    134 |     40 |      0 |      0 |   1 |  174.0 |
       Ossuary |    301 |    301 |      0 |     15 |    212 |   1 |  301.0 |
               +--------+--------+--------+--------+--------+-----+--------+

Top non-repeatable levels by time:
     D:3: 1261 daAuts
     D:2: 826 daAuts
     D:1: 751 daAuts
 Ossuary: 301 daAuts
     D:4: 248 daAuts
  Temple: 174 daAuts
